 Dungeon Crawl Stone Soup version 0.19-a0-1109-g16db51f (webtiles) character file.

57 Jmtri7 the Sneak (level 4, 26/26 HPs)
             Began as a Kobold Hunter on Aug 9, 2016.
             Quit the game on level 2 of the Dungeon.
             The game lasted 00:03:32 (1224 turns).

Jmtri7 the Sneak (Kobold Hunter)                    Turns: 1224, Time: 00:03:33

Health: 26/26      AC:  3    Str: 11    XL:     4   Next: 18%
Magic:  4/4        EV: 15    Int:  9    God:
Gold:   56         SH:  0    Dex: 16    Spells: 0 memorised, 3 levels left

rFire  . . .     SeeInvis .     a - +1 hand crossbow
rCold  . . .     Gourm    .     c - +0 leather armour
rNeg   . . .     Faith    .     (shield restricted)
rPois  +         Spirit   .     (no helmet)
rElec  .         Dismiss  .     (no cloak)
rCorr  .         Reflect  .     (no gloves)
SustAt .         Harm     .     (no boots)
MR     .....                    (no amulet)
Stlth  +++.......               (no ring)
                                o - ring of poison resistance

@:
A: carnivore 3
a: no special abilities


You were on level 2 of the Dungeon.
You were completely stuffed.

You visited 1 branch of the dungeon, and saw 2 of its levels.

You collected 56 gold pieces.

Inventory:

Hand Weapons
 a - a +1 hand crossbow (weapon)
 b - a +0 short sword
Missiles
 d - 14 bolts (quivered)
Armour
 c - a +0 leather armour (worn)
Jewellery
 o - a ring of poison resistance (left hand)
Wands
 r - a wand of flame (26/48)
Scrolls
 e - 3 scrolls of enchant armour {unknown}
 j - a scroll of identify {unknown}
 n - a scroll of remove curse {unknown}
Potions
 g - a potion of resistance {unknown}
 h - a potion of heal wounds {unknown}
 k - 2 potions of mutation {unknown}
 m - a potion of lignification {unknown}
 p - a potion of curing {unknown}
 q - a potion of flight {unknown}
 s - a potion of ambrosia {unknown}
Comestibles
 f - a meat ration
 i - a royal jelly
 l - 7 chunks of flesh


   Skills:
 - Level 2.1 Fighting
 - Level 4.8 Crossbows
 - Level 2.4 Dodging
 + Level 5.3 Stealth


You had 3 spell levels left.
You didn't know any spells.

Dungeon Overview and Level Annotations

Branches:
Dungeon (2/15)

Altars:


Innate Abilities, Weirdness & Mutations

You are small and have problems with some larger weapons.
You are carnivorous and can eat meat at any time.


Message History

Aim: a goblin, wielding a dagger You shoot a bolt.
The bolt hits the goblin!
You kill the goblin!
Firing (i - inventory):
d - 14 bolts (quivered)
Press: ? - help, Shift-Dir - straight line, f - you
Okay, then.
A goblin comes into view.
Found a stone staircase leading up.
The goblin shouts!
The goblin wields a hunting sling.
The goblin shoots a stone.
The stone hits you but does no damage.
Things that are here:
a bolt; a dagger Firing (i - inventory):
d - 14 bolts (quivered)
Press: ? - help, Shift-Dir - straight line, f - goblin
Aim: a goblin, wielding a hunting sling You shoot a bolt.
The bolt hits the goblin.
You kill the goblin!
d - 14 bolts (gained 1) Are you sure you want to abandon this character and quit the game? (Confirm with "yes".)

...... #.#...#.# ......
#....<#.# # ......
#.....#.#.#.#. ....##
.......#.#... ......
.........(#........
#.###..................
#......................
#.@.....#.#........
#.....>............
#......##.#........
##.#...............
##.#.............
#................
#......#.........
#......#.........
#....###........#


There were no monsters in sight!

Vanquished Creatures
  An adder (D:2)
  A worm (D:2)
  2 dart slugs
  A ball python (D:2)
  5 bats (D:2)
  3 giant cockroaches
  3 hobgoblins
  2 jackals (D:1)
  A quokka (D:2)
  3 giant newts
  8 goblins
  3 kobolds (D:2)
  7 rats
40 creatures vanquished.

Notes
Turn   | Place    | Note
-------+----------+-------------------------------------------
     0 | D:1      | Jmtri7 the Kobold Hunter began the quest for the Orb.
     0 | D:1      | Reached XP level 1. HP: 12/12 MP: 1/1
    27 | D:1      | Reached skill level 2 in Stealth
    84 | D:1      | Reached XP level 2. HP: 17/17 MP: 2/2
   217 | D:1      | Reached skill level 3 in Stealth
   790 | D:2      | Reached XP level 3. HP: 21/21 MP: 3/3
   797 | D:2      | Reached skill level 4 in Stealth
  1149 | D:2      | Reached skill level 5 in Stealth
  1149 | D:2      | Reached XP level 4. HP: 26/26 MP: 4/4
  1224 | D:2      | Quit the game

Vault maps used:
D:1:      lemuel_arrival_room

Skill      XL: |  1  2  3 |
---------------+----------+-----
Stealth        | 2 3 5 |  5.3
Fighting       | |  2.1
Crossbows      | |  4.8
Dodging        | |  2.4

Action                   |  1- 3 |  4- 6 || total
-------------------------+-------+-------++-------
 Fire: Hand crossbow     |    71 |     6 ||    77
  Eat: Chunk             |     9 |       ||     9
Armor: Leather armour    |     6 |     1 ||     7
Dodge: Dodged            |    19 |     1 ||    20
